[Event "XIII Mediterranean Championship 2023"]
[Site "Castell-Platja d Aro"]
[Date "2023.11.09"]
[Round "7.10"]
[White "Banos, Oscar"]
[Black "Eugene, Floryan"]
[Result "1-0"]
[ECO "E94"]
[WhiteElo "2188"]
[BlackElo "2426"]
[Annotator "RC"]
[PlyCount "181"]
[EventDate "2023.10.26"]
[EventType "swiss"]
[EventCountry "ESP"]
[SourceTitle "playchess.com"]
[Source "ChessBase"]
[SourceQuality "1"]
[TimeControl "5400+30"]

1. c4 Nf6 2. Nf3 g6 3. Nc3 Bg7 4. e4 d6 5. d4 O-O 6. Be2 Na6 7. O-O e5 8. d5 Nc5 9. Qc2 a5 10. Bg5 h6 11. Be3 b6 12. Nd2 h5 13. a3 Ng4 14. Bxg4 hxg4 15. b4 Nd7 16. f3 f5 17. fxg4 axb4 18. axb4 Rxa1 19. Rxa1 fxg4 20. g3 Bf6 21. Nb5 Nb8 22. Ra8 Ba6 23. Na7 Bg5 24. Qd3 Qf6 25. Nb5 Qf7 26. Qe2 Bxe3+ 27. Qxe3 Bxb5 28. cxb5 Nd7 29. Rxf8+ Nxf8 30. Qe2 Qd7 31. Nf1 Nh7 32. Ne3 Nf6 33. Qc4 Qh7 34. Qc6 Qf7 35. Qc4 Qd7 36. Kg2 Qh7 37. Kg1 Qh6 38. Nd1 Qg7 39. Nf2 Qd7 40. Qc6 Qc8 41. Kg2 Kf7 42. Qc4 Kg7 43. Qc6 Qd8 44. Qc4 Qc8 45. Qc6 Ng8 46. Qc4 Nh6 47. Qc2 Qd7 48. Qc6 Qf7 49. Qc3 Kh7 50. Qe3 Qd7 51. Qd3 Kg7 52. Qc4 Ng8 53. Qc6 Qc8 54. Qc4 Kf8 55. Qe2 Nf6 56. Qc2 Qb7 57. Qe2 Qc8 58. Qc2 Ke7 59. Qc4 Kd8 60. Qc1 Ke8 61. Qc6+ Kf7 62. Qc4 g5 63. Qc2 Kg6 64. Qc4 Qd7 65. Qe2 Kh6 66. Qd3 Kg7 67. Qe2 Kg6 68. Qd3 Qd8 69. Qe2 Qc8 70. Qd1 Qa8 71. Qe2 Qa4 72. Nxg4 Qxb4 73. Nxf6 Kxf6 74. Qf3+ Ke7 75. Qf5 Qxb5 76. Qxg5+ Kd7 77. Qf5+ Ke7 78. h4 Qe2+ 79. Kh3 b5 80. h5 Qd1 81. Kh4 Qc1 82. Qe6+ Kf8 83. h6 Qh1+ 84. Kg5 Qf3 85. Qc8+ Kf7 86. Qxc7+ Ke8 87. Qc8+ Kf7 88. Qe6+ Kf8 89. Qxd6+ Kf7 90. Qe6+ Kf8 91. Qf6+ 1-0

[Event "XIII Mediterranean Championship 2023"]
[Site "Castell-Platja d Aro"]
[Date "2023.11.09"]
[Round "7.11"]
[White "Gilevych, Artem"]
[Black "Fortuny Profitos, Jordi"]
[Result "1-0"]
[ECO "E73"]
[WhiteElo "2416"]
[BlackElo "2135"]
[Annotator "RC"]
[PlyCount "65"]
[EventDate "2023.10.26"]
[EventType "swiss"]
[EventCountry "ESP"]
[SourceTitle "playchess.com"]
[Source "ChessBase"]
[SourceQuality "1"]
[TimeControl "5400+30"]

1. d4 Nf6 2. c4 g6 3. Nc3 Bg7 4. e4 d6 5. Be2 O-O 6. Be3 Nc6 7. d5 Nb4 8. Nf3 c5 9. Nd2 e6 10. O-O exd5 11. cxd5 Re8 12. Bf4 Qe7 13. Re1 Nd7 14. Bb5 Rd8 15. a3 Na6 16. Bg3 Nc7 17. Bf1 b5 18. Nxb5 Nxb5 19. Bxb5 Rb8 20. Bf1 Bxb2 21. Nc4 Ne5 22. Nxb2 Rxb2 23. f4 Ng4 24. h3 Nh6 25. Rb1 Qb7 26. Bh4 Re8 27. Qa4 Rxb1 28. Qxe8+ Kg7 29. Rxb1 Qxb1 30. Be7 g5 31. fxg5 Ba6 32. Qf8+ Kg6 33. Qxh6# 1-0

[Event "XIII Mediterranean Championship 2023"]
[Site "Castell-Platja d Aro"]
[Date "2023.11.09"]
[Round "7.12"]
[White "Lazaro Pujol, Abel"]
[Black "Jimenez Fernandez, Rebeca"]
[Result "1-0"]
[ECO "B76"]
[WhiteElo "2289"]
[BlackElo "2053"]
[Annotator "RC"]
[PlyCount "149"]
[EventDate "2023.10.26"]
[EventType "swiss"]
[EventCountry "ESP"]
[SourceTitle "playchess.com"]
[Source "ChessBase"]
[SourceQuality "1"]
[TimeControl "5400+30"]

1. e4 c5 2. Nf3 d6 3. d4 cxd4 4. Nxd4 Nf6 5. Nc3 g6 6. Be3 Bg7 7. f3 O-O 8. Qd2 Nc6 9. O-O-O d5 10. exd5 Nxd5 11. Nxc6 bxc6 12. Bd4 e5 13. Bc5 Re8 14. Ne4 Qc7 15. h4 f5 16. Nd6 Rd8 17. Nxc8 Raxc8 18. h5 Nb6 19. Bxb6 Rxd2 20. Bc4+ Kf8 21. Bxc7 Rxd1+ 22. Rxd1 Bh6+ 23. Kb1 Rxc7 24. Rd6 Kg7 25. hxg6 hxg6 26. b4 Bf4 27. Re6 Bd2 28. a3 a5 29. bxa5 Bxa5 30. Rxe5 Bc3 31. Re3 Bd4 32. Rd3 Bc5 33. a4 Kf6 34. Rd8 Ke5 35. c3 Ra7 36. Bb3 g5 37. Rc8 Ra6 38. g3 Bf2 39. Re8+ Kd6 40. Re6+ Kc7 41. Re5 Bxg3 42. Rxf5 Bf4 43. a5 Ra8 44. Bc4 Kd6 45. Kc2 Be3 46. a6 Bf4 47. Kd3 Kc7 48. Rf7+ Kb6 49. Kc2 Ra7 50. Rf6 Kc5 51. Bd3 Be3 52. Rf5+ Kb6 53. Kb3 Bf4 54. Rf8 Kc5 55. Re8 Bg3 56. Re4 Kb6 57. Rb4+ Kc7 58. Ka4 Be1 59. Rb3 Bd2 60. Ka5 Be1 61. Kb4 Bd2 62. Rb2 Bf4 63. Ka5 Be5 64. Rb3 Bf4 65. Rb4 Bd2 66. Rc4 Be3 67. Be4 Bb6+ 68. Kb4 Rxa6 69. Rxc6+ Kb7 70. Rg6+ Kc7 71. Rg7+ Kd8 72. Kb5 Ra7 73. Rg8+ Ke7 74. Kxb6 Ra3 75. c4 1-0

[Event "XIII Mediterranean Championship 2023"]
[Site "Castell-Platja d Aro"]
[Date "2023.11.09"]
[Round "7.13"]
[White "Garcia Jimenez, Francisco Javier"]
[Black "Rodriguez Redondo, Adhara"]
[Result "1/2-1/2"]
[ECO "C22"]
[WhiteElo "2249"]
[BlackElo "2117"]
[Annotator "RC"]
[PlyCount "132"]
[EventDate "2023.10.26"]
[EventType "swiss"]
[EventCountry "ESP"]
[SourceTitle "playchess.com"]
[Source "ChessBase"]
[SourceQuality "1"]
[TimeControl "5400+30"]

1. e4 e5 2. Nc3 Nf6 3. d4 exd4 4. Qxd4 Nc6 5. Qe3 Bb4 6. Bd2 O-O 7. O-O-O Re8 8. Bc4 Qe7 9. f3 d6 10. Nge2 Be6 11. Bxe6 Qxe6 12. Nf4 Qc4 13. Kb1 Bc5 14. Qd3 Ne5 15. Qxc4 Nxc4 16. Bc1 Rad8 17. b3 Ne5 18. Na4 Bb4 19. Bb2 b5 20. Nc3 Rb8 21. Nce2 a5 22. Nc1 Bc5 23. Ncd3 Nxd3 24. Nxd3 Nd7 25. Nxc5 Nxc5 26. Rd5 f6 27. h4 Nd7 28. h5 h6 29. Rc1 a4 30. Rcd1 Nc5 31. Bd4 Nd7 32. Kb2 Re6 33. Bf2 axb3 34. cxb3 Ne5 35. Bg3 Nd7 36. Rc1 Rb7 37. Rc6 Re8 38. Rd2 Re7 39. Rdc2 Nc5 40. Rd2 Ne6 41. Ra6 Re8 42. Rc6 Re7 43. Rcc2 Nc5 44. Bf2 Nd7 45. Rd5 Re8 46. Rcd2 Kf7 47. Bg3 Nc5 48. Rc2 Nd7 49. Kc1 Nc5 50. Kd1 Na6 51. Be1 Nc5 52. Ke2 Ne6 53. Ke3 Ng5 54. Ba5 Re7 55. Kf2 Ne6 56. Rd1 Nf4 57. g4 Ra7 58. Bd2 Ne6 59. Be3 Rb7 60. Rd5 Re8 61. f4 Ra8 62. Kf3 Re8 63. Rf5 Kg8 64. Rd5 Kf7 65. Rd1 Re7 66. Rd5 Re8 1/2-1/2

[Event "XIII Mediterranean Championship 2023"]
[Site "Castell-Platja d Aro"]
[Date "2023.11.09"]
[Round "7.14"]
[White "Martin Barcelo, Carles"]
[Black "Makka, Ioulia"]
[Result "1-0"]
[ECO "C71"]
[WhiteElo "2242"]
[BlackElo "1900"]
[Annotator "RC"]
[PlyCount "75"]
[EventDate "2023.10.26"]
[EventType "swiss"]
[EventCountry "ESP"]
[SourceTitle "playchess.com"]
[Source "ChessBase"]
[SourceQuality "1"]
[TimeControl "5400+30"]

1. e4 e5 2. Nf3 Nc6 3. Bb5 a6 4. Ba4 d6 5. Nc3 Bd7 6. Bxc6 bxc6 7. d4 exd4 8. Nxd4 g6 9. Qd3 Bg7 10. Bf4 Ne7 11. O-O-O h6 12. Rhe1 O-O 13. e5 d5 14. Na4 Nf5 15. Nc5 Nxd4 16. Qxd4 Be6 17. Qc3 Qe8 18. Kb1 Bf5 19. Nb3 Rb8 20. Nd4 Bd7 21. Nb3 Kh7 22. Nc5 Bc8 23. Nd3 Qe6 24. h3 Rd8 25. Be3 Re8 26. Bd4 Bf8 27. g4 Bb7 28. f4 Qe7 29. f5 gxf5 30. gxf5 Qh4 31. Nc5 Bc8 32. e6 Qh5 33. Qg3 fxe6 34. Qe5 Qxf5 35. Qh8+ Kg6 36. Qg8+ Kh5 37. Re5 Kh4 38. Bf2+ 1-0

[Event "XIII Mediterranean Championship 2023"]
[Site "Castell-Platja d Aro"]
[Date "2023.11.09"]
[Round "7.15"]
[White "Martinez Pla, Xavier"]
[Black "Garcia Paolicchi, Raul"]
[Result "1-0"]
[ECO "B28"]
[WhiteElo "2263"]
[BlackElo "2051"]
[Annotator "RC"]
[PlyCount "67"]
[EventDate "2023.10.26"]
[EventType "swiss"]
[EventCountry "ESP"]
[SourceTitle "playchess.com"]
[Source "ChessBase"]
[SourceQuality "1"]
[TimeControl "5400+30"]

1. e4 c5 2. Nf3 a6 3. c4 Nc6 4. d4 cxd4 5. Nxd4 e5 6. Nf5 d6 7. Ne3 g6 8. Nd5 Bh6 9. Nbc3 Bxc1 10. Rxc1 Nf6 11. g3 Nd4 12. Bg2 O-O 13. O-O Nxd5 14. Nxd5 Be6 15. Ne3 b5 16. Qd2 Qb6 17. b3 Rfc8 18. Kh1 bxc4 19. bxc4 Qd8 20. f4 Bd7 21. Qf2 Nc6 22. Rcd1 Be8 23. Nd5 Nd4 24. Rxd4 exd4 25. Qxd4 Rab8 26. Nf6+ Kf8 27. Nxh7+ Kg8 28. Nf6+ Kf8 29. Nd5 Kg8 30. f5 gxf5 31. exf5 f6 32. Nxf6+ Kf8 33. Re1 Bf7 34. Qh4 1-0

[Event "XIII Mediterranean Championship 2023"]
[Site "Castell-Platja d Aro"]
[Date "2023.11.09"]
[Round "7.16"]
[White "Ventura Bolet, Alexandre"]
[Black "Alonso Gimenez, Mauro"]
[Result "1-0"]
[ECO "A09"]
[WhiteElo "2238"]
[BlackElo "1978"]
[Annotator "RC"]
[PlyCount "77"]
[EventDate "2023.10.26"]
[EventType "swiss"]
[EventCountry "ESP"]
[SourceTitle "playchess.com"]
[Source "ChessBase"]
[SourceQuality "1"]
[TimeControl "5400+30"]

1. Nf3 d5 2. e3 c5 3. c4 d4 4. exd4 cxd4 5. d3 e5 6. g3 Bd6 7. Bg2 Nf6 8. O-O O-O 9. Bg5 h6 10. Bxf6 Qxf6 11. Re1 Bd7 12. Nbd2 Bc6 13. a3 a5 14. c5 Bxc5 15. Nxe5 Bxg2 16. Kxg2 Bd6 17. Nef3 Nc6 18. Qb3 Rab8 19. Rac1 Rfd8 20. Ne4 Qe6 21. Qxe6 fxe6 22. Nc5 Bxc5 23. Rxc5 Rd5 24. Rxd5 exd5 25. Re6 Rd8 26. Ne5 Nxe5 27. Rxe5 Kf7 28. f4 Rd6 29. Kf3 Kf6 30. h4 a4 31. g4 Rb6 32. g5+ hxg5 33. hxg5+ Kf7 34. Rxd5 Rxb2 35. Rxd4 b5 36. Rd7+ Kg6 37. Rb7 Rb3 38. Kg4 b4 39. f5+ 1-0

[Event "XIII Mediterranean Championship 2023"]
[Site "Castell-Platja d Aro"]
[Date "2023.11.09"]
[Round "7.17"]
[White "Makka, Evanthia"]
[Black "Lever, Erwan"]
[Result "0-1"]
[ECO "D04"]
[WhiteElo "2004"]
[BlackElo "2184"]
[Annotator "RC"]
[PlyCount "46"]
[EventDate "2023.10.26"]
[EventType "swiss"]
[EventCountry "ESP"]
[SourceTitle "playchess.com"]
[Source "ChessBase"]
[SourceQuality "1"]
[TimeControl "5400+30"]

1. d4 Nf6 2. Nf3 d5 3. e3 g6 4. Bd3 Bg7 5. O-O c5 6. dxc5 Qc7 7. a3 a5 8. Nc3 O-O 9. e4 dxe4 10. Nxe4 Na6 11. Nxf6+ Bxf6 12. Bh6 Rd8 13. Qc1 Nxc5 14. Bc4 Na4 15. b3 Nb6 16. Bd3 Bxa1 17. Qxa1 f6 18. Ng5 Rd5 19. h4 Bf5 20. Bxf5 Rxf5 21. Ne6 Qd6 22. Re1 Re5 23. Bf4 Qxe6 0-1

[Event "XIII Mediterranean Championship 2023"]
[Site "Castell-Platja d Aro"]
[Date "2023.11.09"]
[Round "7.18"]
[White "De Lomas Busquets, Alba"]
[Black "Pham Guerrero, Sergi"]
[Result "1/2-1/2"]
[ECO "E92"]
[WhiteElo "1873"]
[BlackElo "2072"]
[Annotator "NA RC"]
[PlyCount "85"]
[EventDate "2023.10.26"]
[EventType "swiss"]
[EventCountry "ESP"]
[SourceTitle "playchess.com"]
[Source "ChessBase"]
[SourceQuality "1"]
[TimeControl "5400+30"]

1. d4 d6 2. Nf3 Nf6 3. c4 g6 4. Nc3 Bg7 5. e4 O-O 6. Be2 e5 7. dxe5 dxe5 8. Qxd8 Rxd8 9. Bg5 Re8 10. O-O-O h6 11. Bxf6 Bxf6 12. Nb5 Na6 13. Rhe1 Be7 14. h3 Bc5 15. Rf1 Bb6 16. Nd2 Be6 17. Nb3 c6 18. Nc3 Rad8 19. Na4 Rxd1+ 20. Kxd1 Rd8+ 21. Kc1 Nb4 22. Nxb6 axb6 23. a3 Nd3+ 24. Bxd3 Rxd3 25. Nd2 Kf8 26. Kc2 Rd4 27. Kc3 Ke7 28. Re1 f6 29. b3 g5 30. h4 g4 31. b4 b5 32. cxb5 cxb5 33. Re3 Kd6 34. Rd3 Rxd3+ 35. Kxd3 f5 36. g3 h5 37. Kc3 Ke7 38. Kd3 Kf6 39. Ke3 Bd7 40. exf5 Kxf5 41. Ne4 Bc6 42. Nc5 Bf3 43. Kd3 1/2-1/2

[Event "XIII Mediterranean Championship 2023"]
[Site "Castell-Platja d Aro"]
[Date "2023.11.09"]
[Round "7.19"]
[White "Andreu Lopez, Santiago"]
[Black "Guillo Longares, Cecilia"]
[Result "0-1"]
[ECO "A34"]
[WhiteElo "1834"]
[BlackElo "2065"]
[Annotator "NA RC"]
[PlyCount "82"]
[EventDate "2023.10.26"]
[EventType "swiss"]
[EventCountry "ESP"]
[SourceTitle "playchess.com"]
[Source "ChessBase"]
[SourceQuality "1"]
[TimeControl "5400+30"]

1. Nf3 Nf6 2. g3 g6 3. Bg2 Bg7 4. O-O O-O 5. c4 d5 6. cxd5 Nxd5 7. Nc3 c5 8. Qb3 Nb6 9. d3 a6 10. Be3 Be6 11. Qc2 Qc7 12. Bf4 Qc8 13. Ng5 Nc6 14. Nxe6 Qxe6 15. Ne4 Nd4 16. Qd2 Rac8 17. Nc3 Qd7 18. Rac1 Rfd8 19. b3 e6 20. Ne4 Qe7 21. Rfe1 Nd5 22. Bh6 Bh8 23. Bh3 b6 24. Ng5 Nf5 25. Bxf5 exf5 26. e4 fxe4 27. Rxe4 Qd7 28. Re2 Re8 29. Ne4 Re6 30. Ng5 Rxe2 31. Qxe2 Re8 32. Qf3 Nc3 33. Rc2 Qd5 34. Qxd5 Nxd5 35. Ne4 f5 36. Nd6 Re1+ 37. Kg2 Nb4 38. Rc4 Re6 39. Nc8 Bf6 40. Be3 Nxd3 41. a4 Rc6 0-1

[Event "XIII Mediterranean Championship 2023"]
[Site "Castell-Platja d Aro"]
[Date "2023.11.09"]
[Round "7.20"]
[White "Zvereva, Marija"]
[Black "Menac Comas, Joan Ramon"]
[Result "0-1"]
[ECO "B27"]
[WhiteElo "2144"]
[BlackElo "2044"]
[Annotator "RC"]
[PlyCount "62"]
[EventDate "2023.10.26"]
[EventType "swiss"]
[EventCountry "ESP"]
[SourceTitle "playchess.com"]
[Source "ChessBase"]
[SourceQuality "1"]
[TimeControl "5400+30"]

1. e4 c5 2. Nf3 g6 3. d4 cxd4 4. Qxd4 Nf6 5. Nc3 Nc6 6. Qa4 d6 7. e5 dxe5 8. Nxe5 Bg7 9. Bb5 O-O 10. Nxc6 bxc6 11. Bxc6 Rb8 12. O-O Qc7 13. Bf3 Bd7 14. Qh4 Bf5 15. Re1 Bxc2 16. Bf4 Qc4 17. Nd1 Bxd1 18. Raxd1 Rb4 19. g3 Qxa2 20. Qg5 Rxb2 21. Qc5 Rc2 22. Qxe7 h5 23. Ra1 Qb3 24. Re3 Qb5 25. Qd6 Ng4 26. Bxg4 Bxa1 27. Bd7 Rc1+ 28. Kg2 Qf1+ 29. Kf3 Qh1+ 30. Ke2 Re1+ 31. Kd2 Rd1+ 0-1

[Event "XIII Mediterranean Championship 2023"]
[Site "Castell-Platja d Aro"]
[Date "2023.11.09"]
[Round "7.21"]
[White "Canigueral Salvado, Jaume"]
[Black "Galvan Cipriani, Viviana"]
[Result "1-0"]
[ECO "B43"]
[WhiteElo "1853"]
[BlackElo "2077"]
[Annotator "NA RC"]
[PlyCount "101"]
[EventDate "2023.10.26"]
[EventType "swiss"]
[EventCountry "ESP"]
[SourceTitle "playchess.com"]
[Source "ChessBase"]
[SourceQuality "1"]
[TimeControl "5400+30"]

1. e4 c5 2. Nf3 e6 3. d4 cxd4 4. Nxd4 a6 5. a3 Nf6 6. Nc3 Qc7 7. Be3 b6 8. Bd3 Bb7 9. O-O d6 10. Qe2 Nbd7 11. Nb3 Be7 12. Rad1 O-O 13. Bf4 Ne5 14. h3 Rfd8 15. Bg3 b5 16. f4 Nc4 17. Bxc4 bxc4 18. Nd2 Qb6+ 19. Kh1 Qxb2 20. Rb1 Qxc3 21. Rxb7 Bf8 22. Bh4 Rdc8 23. e5 Nd5 24. Ne4 Qe3 25. Nf6+ Kh8 26. Qh5 Nxf6 27. Bxf6 Ra7 28. Qxf7 Rxb7 29. Qxb7 Qc5 30. Bg5 h6 31. Bh4 a5 32. f5 exf5 33. Rxf5 dxe5 34. Bf2 Rc7 35. Bxc5 Rxb7 36. Rxf8+ Kh7 37. Re8 Rb1+ 38. Kh2 Rc1 39. Rxe5 Rxc2 40. Be7 a4 41. Bb4 Rc1 42. Re3 Kg6 43. Rc3 Rxc3 44. Bxc3 Kf5 45. Bxg7 Ke4 46. Bxh6 c3 47. h4 Kd3 48. h5 Kc4 49. Bc1 Kb3 50. h6 Kc2 51. Bg5 1-0

[Event "XIII Mediterranean Championship 2023"]
[Site "Castell-Platja d Aro"]
[Date "2023.11.09"]
[Round "7.22"]
[White "Pla Almenar, Nel"]
[Black "De Lussac, Estephe"]
[Result "1-0"]
[ECO "B76"]
[WhiteElo "2070"]
[BlackElo "2013"]
[Annotator "NA RC"]
[PlyCount "87"]
[EventDate "2023.10.26"]
[EventType "swiss"]
[EventCountry "ESP"]
[SourceTitle "playchess.com"]
[Source "ChessBase"]
[SourceQuality "1"]
[TimeControl "5400+30"]

1. e4 c5 2. Nf3 d6 3. d4 cxd4 4. Nxd4 Nf6 5. Nc3 g6 6. Be3 Bg7 7. f3 O-O 8. Qd2 Nc6 9. O-O-O d5 10. Qe1 e5 11. Nxc6 bxc6 12. exd5 Nxd5 13. Bc4 Be6 14. Bc5 Re8 15. Ne4 Qc7 16. Kb1 Red8 17. g4 h6 18. g5 h5 19. Bb3 Nf4 20. Bd6 Rxd6 21. Nxd6 Bd5 22. Ne4 Kh8 23. Qc3 Qe7 24. Rhe1 Re8 25. h4 Qe6 26. Qc5 Qh3 27. Qf2 a5 28. Rh1 Qe6 29. Qa7 Ne2 30. Qxa5 Nd4 31. Rhf1 Bxb3 32. axb3 Rb8 33. Qc7 Ra8 34. Qb7 Ra5 35. Qb6 Ra8 36. c3 Nxb3 37. Rd8+ Rxd8 38. Qxd8+ Kh7 39. Rd1 Qc4 40. Nf6+ Bxf6 41. gxf6 Qa4 42. Qf8 Qa1+ 43. Kc2 Nd4+ 44. Rxd4 1-0

[Event "XIII Mediterranean Championship 2023"]
[Site "Castell-Platja d Aro"]
[Date "2023.11.09"]
[Round "7.23"]
[White "Mateu Guiu, Esteve"]
[Black "Clot Chico, Arnau"]
[Result "1/2-1/2"]
[ECO "E04"]
[WhiteElo "2075"]
[BlackElo "2008"]
[Annotator "NA RC"]
[PlyCount "34"]
[EventDate "2023.10.26"]
[EventType "swiss"]
[EventCountry "ESP"]
[SourceTitle "playchess.com"]
[Source "ChessBase"]
[SourceQuality "1"]
[TimeControl "5400+30"]

1. d4 Nf6 2. c4 e6 3. Nf3 d5 4. g3 dxc4 5. Bg2 c6 6. Ne5 Bb4+ 7. Nc3 Nd5 8. O-O Nxc3 9. bxc3 Bxc3 10. Nxc4 O-O 11. Rb1 Qxd4 12. Qb3 b5 13. Nd6 Qxd6 14. Qxc3 a5 15. Bf4 Qe7 16. Rxb5 cxb5 17. Bxa8 Qa7 1/2-1/2

[Event "XIII Mediterranean Championship 2023"]
[Site "Castell-Platja d Aro"]
[Date "2023.11.09"]
[Round "7.24"]
[White "Moran Cabezas, Eric"]
[Black "Vinas Racionero, Josep"]
[Result "1-0"]
[ECO "C55"]
[WhiteElo "1736"]
[BlackElo "2075"]
[Annotator "NA RC"]
[PlyCount "103"]
[EventDate "2023.10.26"]
[EventType "swiss"]
[EventCountry "ESP"]
[SourceTitle "playchess.com"]
[Source "ChessBase"]
[SourceQuality "1"]
[TimeControl "5400+30"]

1. e4 e5 2. Nf3 Nc6 3. Bc4 Nf6 4. d3 h6 5. a4 d6 6. Nbd2 g5 7. O-O g4 8. Ne1 h5 9. c3 Nh7 10. f4 exf4 11. Rxf4 Ne5 12. Qb3 Bh6 13. Bxf7+ Ke7 14. Rf1 Be3+ 15. Kh1 Rf8 16. Nc4 Nxc4 17. Qxc4 Bxc1 18. Nc2 Ng5 19. Raxc1 Rxf7 20. Qd5 Qg8 21. Rxf7+ Nxf7 22. Rf1 Qg6 23. Ne3 c6 24. Qb3 b6 25. d4 h4 26. Qc4 Bd7 27. Nf5+ Kd8 28. Nxh4 Qe6 29. d5 Qe8 30. dxc6 Be6 31. Qd4 Qxc6 32. Qf6+ Kd7 33. Ng6 Re8 34. Re1 Qxa4 35. e5 d5 36. Nf4 Qc6 37. Qg7 a5 38. Nh5 Kc8 39. Nf6 Re7 40. Qf8+ Re8 41. Qxe8+ Qxe8 42. Nxe8 Kd7 43. Ng7 Ng5 44. Nh5 Ne4 45. Nf6+ Nxf6 46. exf6 b5 47. Kg1 b4 48. cxb4 axb4 49. Kf2 b3 50. Ke3 Ke8 51. Kf4 Kf7 52. Kg5 1-0

[Event "XIII Mediterranean Championship 2023"]
[Site "Castell-Platja d Aro"]
[Date "2023.11.09"]
[Round "7.26"]
[White "Vinolas Anglada, Laura"]
[Black "Vidal Traves, Marti"]
[Result "1-0"]
[ECO "C10"]
[WhiteElo "1884"]
[BlackElo "1631"]
[Annotator "NA RC"]
[PlyCount "79"]
[EventDate "2023.10.26"]
[EventType "swiss"]
[EventCountry "ESP"]
[SourceTitle "playchess.com"]
[Source "ChessBase"]
[SourceQuality "1"]
[TimeControl "5400+30"]

1. e4 e6 2. d4 d5 3. Nc3 dxe4 4. Nxe4 Nd7 5. Nf3 Ngf6 6. Nxf6+ Nxf6 7. Bd3 c5 8. O-O Bd7 9. Re1 Bc6 10. Qe2 cxd4 11. Ne5 Be7 12. Bc4 Bd5 13. Bb5+ Kf8 14. Bf4 a6 15. Bd3 Nd7 16. Nf3 Nc5 17. Rad1 Nxd3 18. Qxd3 Bxf3 19. Qxf3 Qb6 20. Be5 Rd8 21. Qg3 Bf6 22. Bc7 Qc5 23. Bxd8 Bxd8 24. c3 g6 25. Rxd4 Kg7 26. Qf3 Rf8 27. Qxb7 Bb6 28. Qf3 e5 29. Rd5 Qc4 30. b3 Qc6 31. Rdxe5 Qxf3 32. gxf3 Rd8 33. c4 Rd2 34. R5e2 Rd3 35. Kg2 h5 36. Rc2 h4 37. h3 Kf6 38. c5 Ba5 39. Re4 Kg5 40. c6 1-0

[Event "XIII Mediterranean Championship 2023"]
[Site "Castell-Platja d Aro"]
[Date "2023.11.09"]
[Round "7.27"]
[White "Diaz Comas, Jordi"]
[Black "Lunin Bohomolets, Iliia"]
[Result "1/2-1/2"]
[ECO "A35"]
[WhiteElo "1837"]
[BlackElo "1850"]
[Annotator "NA RC"]
[PlyCount "91"]
[EventDate "2023.10.26"]
[EventType "swiss"]
[EventCountry "ESP"]
[SourceTitle "playchess.com"]
[Source "ChessBase"]
[SourceQuality "1"]
[TimeControl "5400+30"]

1. Nf3 c5 2. c4 Nf6 3. Nc3 g6 4. e3 Nc6 5. a3 Bg7 6. Qc2 O-O 7. b3 d5 8. cxd5 Nxd5 9. Bb2 e5 10. Nxd5 Qxd5 11. Bc4 Qd6 12. O-O Bf5 13. Qc3 a6 14. Nh4 Be4 15. d3 Bd5 16. Rac1 b6 17. f4 f5 18. Nf3 Rfe8 19. e4 Bxc4 20. Qxc4+ Qe6 21. exf5 gxf5 22. fxe5 Qxc4 23. dxc4 Nxe5 24. Nxe5 Bxe5 25. Bxe5 Rxe5 26. Rce1 Rae8 27. Kf2 Kf7 28. Rxe5 Rxe5 29. Rd1 Re6 30. Rd7+ Kg6 31. Kf3 h6 32. g3 Kf6 33. Kf4 Re4+ 34. Kf3 Re6 35. Rd5 a5 36. Rd3 h5 37. Re3 Rd6 38. Re8 Rd3+ 39. Re3 Rd2 40. h4 Rd1 41. Ke2 Rd4 42. Rd3 Re4+ 43. Kf3 Re6 44. Rd8 Kg6 45. Rg8+ Kf7 46. Rg5 1/2-1/2

[Event "XIII Mediterranean Championship 2023"]
[Site "Castell-Platja d Aro"]
[Date "2023.11.09"]
[Round "7.28"]
[White "Vidal Palou, Jordi"]
[Black "Parramon Arimany, Marc"]
[Result "0-1"]
[ECO "D02"]
[WhiteElo "1620"]
[BlackElo "1834"]
[Annotator "NA RC"]
[PlyCount "34"]
[EventDate "2023.10.26"]
[EventType "swiss"]
[EventCountry "ESP"]
[SourceTitle "playchess.com"]
[Source "ChessBase"]
[SourceQuality "1"]
[TimeControl "5400+30"]

1. d4 d5 2. Bf4 Nf6 3. e3 c5 4. c3 Nc6 5. Bd3 e6 6. Nf3 Bd6 7. Bg3 O-O 8. Nbd2 Re8 9. Ne5 Bxe5 10. dxe5 Nd7 11. Nf3 f6 12. Nh4 Ndxe5 13. Bc2 Bd7 14. f4 Nc4 15. Bxh7+ Kxh7 16. Qh5+ Kg8 17. Qf7+ Kxf7 0-1

[Event "XIII Mediterranean Championship 2023"]
[Site "Castell-Platja d Aro"]
[Date "2023.11.09"]
[Round "7.29"]
[White "Giro Castellet, Esteve"]
[Black "Vinals Rioja, Jaume"]
[Result "0-1"]
[ECO "B13"]
[WhiteElo "1633"]
[BlackElo "1838"]
[Annotator "NA RC"]
[PlyCount "62"]
[EventDate "2023.10.26"]
[EventType "swiss"]
[EventCountry "ESP"]
[SourceTitle "playchess.com"]
[Source "ChessBase"]
[SourceQuality "1"]
[TimeControl "5400+30"]

1. d4 d5 2. Bf4 e6 3. e3 Nf6 4. Nf3 c5 5. c3 Nc6 6. Nbd2 Bd6 7. Bxd6 Qxd6 8. Bd3 b6 9. O-O O-O 10. Re1 cxd4 11. exd4 Bb7 12. Ne5 Ne7 13. Qc2 Ng6 14. Bxg6 hxg6 15. Qd3 Rfe8 16. Qh3 Qe7 17. f4 Ne4 18. Ndf3 Qf6 19. Rxe4 dxe4 20. Ng5 Qf5 21. g4 Qxf4 22. Rf1 Qxg5 23. Nxf7 Qf6 24. Qh8+ Kxf7 25. Rxf6+ Kxf6 26. Qh4+ Kf7 27. Qg3 Bd5 28. c4 e3 29. cxd5 exd5 30. Kf1 Kg8 31. Ke2 Rac8 0-1

[Event "XIII Mediterranean Championship 2023"]
[Site "Castell-Platja d Aro"]
[Date "2023.11.09"]
[Round "7.30"]
[White "Hernando Rodrigo, Lourdes"]
[Black "Leon Escoda, Manel"]
[Result "1-0"]
[ECO "A57"]
[WhiteElo "1625"]
[BlackElo "1682"]
[Annotator "NA RC"]
[PlyCount "83"]
[EventDate "2023.10.26"]
[EventType "swiss"]
[EventCountry "ESP"]
[SourceTitle "playchess.com"]
[Source "ChessBase"]
[SourceQuality "1"]
[TimeControl "5400+30"]

1. d4 c5 2. d5 Nf6 3. c4 b5 4. cxb5 a6 5. Nc3 axb5 6. e4 b4 7. Nb5 d6 8. Bf4 g6 9. Qd2 Nbd7 10. Nf3 Nxe4 11. Qe2 Ndf6 12. Ng5 Bf5 13. Nxe4 Bxe4 14. f3 Bg7 15. fxe4 O-O 16. Qc2 Qb6 17. Bc4 Nd7 18. Be3 Ra5 19. Qe2 Ne5 20. a4 bxa3 21. Nxa3 Rxa3 22. Rxa3 Qb4+ 23. Rc3 Nxc4 24. Qxc4 Bxc3+ 25. Qxc3 Rb8 26. O-O Qxb2 27. Qxb2 Rxb2 28. Re1 f6 29. Kf1 Kf7 30. Re2 Rb3 31. Kf2 e6 32. h3 f5 33. exf5 exf5 34. Bf4 Rd3 35. Rd2 Rb3 36. Bxd6 c4 37. Be5 Rb5 38. d6 c3 39. d7 Rb2 40. Rxb2 cxb2 41. d8=Q b1=Q 42. Qd7+ 1-0

[Event "XIII Mediterranean Championship 2023"]
[Site "Castell-Platja d Aro"]
[Date "2023.11.09"]
[Round "7.31"]
[White "Delbos, Jean-Louis"]
[Black "Garcia Rodriguez, Laia"]
[Result "1/2-1/2"]
[ECO "B13"]
[WhiteElo "1573"]
[BlackElo "1811"]
[Annotator "NA RC"]
[PlyCount "82"]
[EventDate "2023.10.26"]
[EventType "swiss"]
[EventCountry "ESP"]
[SourceTitle "playchess.com"]
[Source "ChessBase"]
[SourceQuality "1"]
[TimeControl "5400+30"]

1. e4 c6 2. d4 d5 3. exd5 cxd5 4. Bd3 Nc6 5. c3 Nf6 6. Bf4 Bg4 7. Qb3 Qd7 8. Nd2 e6 9. Ngf3 Bd6 10. Bxd6 Qxd6 11. O-O O-O 12. Rae1 Bxf3 13. Nxf3 a6 14. Ne5 b5 15. a3 Rfb8 16. f4 a5 17. g4 b4 18. g5 Ne4 19. Bxe4 dxe4 20. axb4 axb4 21. Nxc6 Qxc6 22. c4 Rd8 23. Rd1 Rab8 24. f5 exf5 25. Rxf5 Qe6 26. Re5 Qg4+ 27. Kh1 Re8 28. Rg1 Qd7 29. Rxe8+ Rxe8 30. Qe3 Qc6 31. b3 g6 32. d5 Qd6 33. Rd1 Re5 34. c5 Qd8 35. d6 Re6 36. c6 Rxd6 37. Rxd6 Qxd6 38. Qxe4 Qd1+ 39. Kg2 Qd2+ 40. Kh1 Qxg5 41. Qc4 Qc1+ 1/2-1/2